cohdb
Replays
Latest Replays
All Replays
Popular Replays
Top Player Replays
Match Explorer
How It Works
Community
CoH3 Stats
Reddit
Sign in to upload your games and track your stats! →
Sign in with Steam
Match 37945658
Unlisted
Match 37945658
Overview
Messages
Build Orders
End
Royal Engineer Section
Construct Section Command Post
Infantry Section
Infantry Section
Infantry Section
Construct Platoon Command Post
Selects Indian Artillery Battlegroup
Selects War Cry
Selects Gurkha Rifles Section
6-pounder Anti-tank Gun Team
CMP 15cwt Truck
Light Vehicle Training
Gurkha Rifles Section
Construct Company Command Post
Selects Pillage
Selects Artillery Saturation
Unlock M3 Grant Medium Tanks
M3 Grant Medium Tank
Infantry Training
Selects Off-map Airburst Barrage
STALKER4732
kit.ohume
Devochkin
Starfucker
CantCNC
Jutge
0
0
Comments
sign in to comment!
No comments posted yet!